 Dungeon Crawl Stone Soup version 0.25.1-2-g60ff931df9 (webtiles) character file.

Game seed: 3275520607106819806

56 Curus the Unweaver (level 3, 0/31 HPs)
             Began as a Hill Orc Abyssal Knight on Nov 4, 2020.
             Was a Follower of Lugonu.
             Succumbed to an adder's poison
             ... on level 1 of the Dungeon.
             The game lasted 00:04:21 (1359 turns).

Curus the Unweaver (Hill Orc Abyssal Knight)        Turns: 1359, Time: 00:04:23

Health: 0/31       AC:  4    Str: 14    XL:     3   Next: 97%
Magic:  5/6        EV: 11    Int: 12    God:    Lugonu [*.....]
Gold:   66         SH:  0    Dex: 11    Spells: 2/2 levels left

rFire    . . .     SeeInvis .   a - +3 falchion
rCold    . . .     Gourm    .   (no shield)
rNeg     . . .     Faith    .   b - +0 leather armour
rPois    .         Spirit   .   (no helmet)
rElec    .         Reflect  .   f - +0 cloak
rCorr    .         Harm     .   (no gloves)
MR       .....                  (no boots)
Stlth    +.........             (no amulet)
HPRegen  0.10/turn              (no ring)
MPRegen  0.10/turn              (no ring)

@: lethally poisoned (0 -> -7)
A: no striking features
a: Depart the Abyss, Renounce Religion


You were on level 1 of the Dungeon.
You worshipped Lugonu.
Lugonu was aware of your devotion.
You were not hungry.

You visited 1 branch of the dungeon, and saw 2 of its levels.
You visited the Abyss 1 time.

You collected 66 gold pieces.

Inventory:

Hand Weapons
 a - a +3 falchion (weapon)
Armour
 b - a +0 leather armour (worn)
 f - a +0 cloak (worn)
Comestibles
 c - 5 rations


   Skills:
 - Level 3.6 Fighting
 + Level 3.5 Long Blades
 - Level 2.1 Armour
 - Level 0.7 Dodging
 + Level 4.1 Invocations


You had 2 spell levels left.
You didn't know any spells.
Your spell library was empty.

Dungeon Overview and Level Annotations

Branches:
Dungeon (2/15)

Altars:


Message History

You hit Natasha.
Natasha is almost dead.
The adder bites you.
* * * LOW HITPOINT WARNING * * *
You are more poisoned.
The adder poisons you!
Natasha mumbles some strange words.
You barely miss Natasha.
Natasha is almost dead.
* * * LOW HITPOINT WARNING * * *
You feel sick. The adder closely misses you. Natasha closely misses you.
The adder bites you but does no damage.
Unknown command.
You hit Natasha.
You kill Natasha!
Lugonu accepts your kill.
Natasha yowls pathetically as she dies!
The white imp disappears in a puff of smoke!
Your Invocations skill increases to level 4!
You die...

.#.#[.#.#.# #....#..........
.#.####.#.########..#.#....#'#'##
.................>..).##...#.#.#
.########.########.....+...+[#.#
.#......#.# ####..#...###.#
.#........# #..#...# #.#
.########## ##.#...# #[# .#
♣♣♣♣♣♣♣♣♣♣♣ #.#...# #.# .###
♣<♣..♣.§†@♣ #.#...# #.# ...#
♣......♣.S♣ #.#...# #.# ##.#
♣♣....♣..♣♣ ♣≈#.#...# #.# #.#
♣...♣♣....♣♣≈≈#.#...# #.# #.#
♣..♣..♣...♣≈≈≈#...### #.# #.#
♣.(.♣..(.♣≈≈≈♣#...# #.# #.#
♣........≈≈≈≈♣#...# #.# #.#
♣...≈≈≈≈≈≈≈≈♣♣#.### #.# #.#
♣♣♣≈≈≈≈≈≈≈≈≈≈♣♣ #.# #.#


You could see an adder.

Vanquished Creatures
  Natasha (D:1)
  2 dart slugs (D:1)
  2 bats (D:1)
  A giant cockroach (D:1)
  3 goblins
  2 hobgoblins (D:1)
  7 jackals (D:1)
  2 frilled lizards (D:1)
  A kobold (D:2)
  7 rats
28 creatures vanquished.

Notes
Turn   | Place    | Note
-------+----------+-------------------------------------------
     0 | Abyss:1  | Curus the Hill Orc Abyssal Knight began the quest for the
                  | Orb.
     0 | Abyss:1  | Reached XP level 1. HP: 19/19 MP: 2/2
   157 | Abyss:1  | Noticed a small abomination
   175 | Abyss:1  | Noticed an eye of draining
   176 | D:1      | Escaped the Abyss
   230 | D:1      | Reached XP level 2. HP: 11/26 MP: 4/4
   258 | D:1      | Reached skill level 3 in Invocations
   471 | D:1      | Reached * piety under Lugonu
   977 | D:1      | Reached XP level 3. HP: 31/31 MP: 5/5
  1343 | D:2      | Noticed Natasha
  1358 | D:1      | HP: 1/31 [poisoned by an adder]
  1359 | D:1      | Killed Natasha
  1359 | D:1      | Reached skill level 4 in Invocations
  1359 | D:1      | Succumbed to an adder's poison

Illustrated notes

Levels and vault maps discovered:
D:1:      lemuel_arrival_river_ford, layout_basic
D:2:      layout_rooms, fedhas_altar_3, uniq_crazy_yiuf_cottage, uniq_natasha,
          uniq_terence

Skill      XL: |  1  2  3 |
---------------+----------+-----
Invocations    | 3 4 |  4.1
Long Blades    | 3 |  3.5
Fighting       | |  3.6
Armour         | |  2.1
Dodging        | |  0.7

Action                   || total
-------------------------++-------
Melee: Falchion          ||    71
Invok: Depart the Abyss  ||     1
  Use: Scroll            ||     4
       Potion            ||     3
  Eat: Chunk             ||     1
Armor: Leather armour    ||    26
Dodge: Dodged            ||    60
       Rpst.: Falchion   ||    20
